[Event "Late-Titled-Tuesday-Blitz-October-03-2023"]
[Site "Chess.com"]
[Date "2023.10.03"]
[Round "8"]
[White "APOKALIPSA13"]
[Black "Joel1285"]
[Result "1-0"]
[WhiteElo "2160"]
[BlackElo "1896"]
[TimeControl "180+1"]
[EndTime "15:21:57 PDT"]
[Termination "APOKALIPSA13 won by resignation"]

1. e4 c5 2. Nc3 Nc6 3. f4 g6 4.
Nf3 Bg7 5. Bc4 d6 6. d3 e6 7. O-O Nge7 8. Kh1 a6 9. a4 Nd4 10.
Ne2 Nxf3 11. Rxf3 d5 12. exd5 Nxd5 13. a5 Bd7 14. c3 Bc6 15. Rh3 Qd7 16. Ng3 Rd8 17.
Ne4 Qe7 18. Qe2 O-O 19. Ng5 h6 20. Ne4 Nc7 21. Be3 Bxe4 22. dxe4 Rd7 23. Qf2 Rfd8 24.
Bxc5 Rd1+ 25. Rxd1 Rxd1+ 26. Bf1 Rxf1+ 27. Qxf1 Qxc5 28. b4 Qxc3 29. Rxc3 Bxc3 30. Qc4 1-0

[Event "Late-Titled-Tuesday-Blitz-October-03-2023"]
[Site "Chess.com"]
[Date "2023.10.03"]
[Round "8"]
[White "MathiasCasalaspro"]
[Black "Triumphmate"]
[Result "0-1"]
[WhiteElo "2354"]
[BlackElo "2506"]
[TimeControl "180+1"]
[EndTime "15:22:06 PDT"]
[Termination "Triumphmate won on time"]

1. e4 d5 2. exd5 Nf6 3. d4 Bg4 4. Be2 Bxe2 5. Nxe2 Qxd5 6. O-O Nc6 7. Nbc3 Qh5 8. Nf4 Qxd1 9. Rxd1 O-O-O 10. Be3 e6 11. d5 exd5 12. Nfxd5 Nxd5 13. Rxd5 Bd6 14. a3 Rhe8 15. Rad1 Ne5 16. b3 Bxa3 17. Rxd8+ Rxd8 18. Rxd8+ Kxd8 19. Nb5 Be7 20. Nxa7 c6 21. Bb6+ Kd7 22. Bd4 Bf6 23. Be3 Ng4 24. Bb6 Bd8 25. Bd4 Kc7 26. b4 Bf6 27. Bxf6 Nxf6 28. b5 Ne4 29. c4 Nd6 30.
bxc6 bxc6 31. c5 Ne4 32. Kf1 Kb7 0-1

[Event "Late-Titled-Tuesday-Blitz-October-03-2023"]
[Site "Chess.com"]
[Date "2023.10.03"]
[Round "8"]
[White "IngOscarArdila"]
[Black "OYAcosta"]
[Result "1-0"]
[WhiteElo "2336"]
[BlackElo "2182"]
[TimeControl "180+1"]
[EndTime "15:22:06 PDT"]
[Termination "IngOscarArdila won by checkmate"]

1. d4 d5 2. c4 c6 3. Nc3 Nf6 4.
Nf3 a6 5. e3 Bf5 6. Be2 e6 7.
O-O Bd6 8. b3 Nbd7 9. Bb2 h5 10.
Bd3 Ne4 11. Bxe4 dxe4 12. Ne5 Nxe5 13. dxe5 Bxe5 14. h3 Qf6 15. Rc1 Rd8 16. Qe2 g5 17.
Na4 g4 18. Bxe5 Qxe5 19. h4 g3 20. fxg3 Qxg3 21. Qf2 Qg4 22. Qf4 Qg8 23. Rcd1 Qg4 24. Rxd8+ Kxd8 25. Qb8+ Ke7 26. Qxh8 Qxh4 27. Qe5 Qg5 28.
Qf4 Qg7 29. Nc5 Qg8 30. Nxb7 h4 31. Qxh4+ Kd7 32. Rd1+ Kc7 33. Qe7+ Kb6 34. c5+ Kb5 35. a4+ Kb4 36. Qd6 Qg4 37. Qd2+ Ka3 38. Na5 Qg7 39.
Qd4 e5 40. Ra1# 1-0

[Event "Late-Titled-Tuesday-Blitz-October-03-2023"]
[Site "Chess.com"]
[Date "2023.10.03"]
[Round "8"]
[White "Herman-NY"]
[Black "biostatistician"]
[Result "1-0"]
[WhiteElo "2526"]
[BlackElo "2622"]
[TimeControl "180+1"]
[EndTime "15:22:20 PDT"]
[Termination "Herman-NY won by resignation"]

1. e4 e5 2. Nf3 Nc6 3. Bb5 Nf6 4. d3 d6 5. c3 Bd7 6. Nbd2 g6 7. Nf1 Bg7 8. Ne3 O-O 9. h4 a6 10. Ba4 Nh5 11.
g4 Nf4 12. h5 gxh5 13. gxh5 Kh8 14. h6 Bf6 15. Bb3 Qe7 16. Nd5 Nxd5 17. Bxd5 Rg8 18. Be3 Rg2 19. Qe2 Rag8 20. O-O-O Bg4 21. Bd2 Nd8 22. Qe3 Ne6 23. Bxb7 Ng5 24. Nxg5 Bxg5 25. Qa7 Bxd1 26. Rxd1 Rxf2 27. Qxf2 1-0

[Event "Late-Titled-Tuesday-Blitz-October-03-2023"]
[Site "Chess.com"]
[Date "2023.10.03"]
[Round "8"]
[White "angelgab3"]
[Black "Schwindle"]
[Result "1/2-1/2"]
[WhiteElo "2553"]
[BlackElo "2411"]
[TimeControl "180+1"]
[EndTime "15:22:21 PDT"]
[Termination "Game drawn by repetition"]

1. e4 e6 2. d4 d5 3. Nc3 Nf6 4. Bg5 Be7 5. e5 Nfd7 6. Bxe7 Qxe7 7. Nb5 Qd8 8. Qg4 O-O 9. Bd3 f5 10. exf6 Nxf6 11. Qh4 a6 12. Nc3 c5 13. dxc5 Nbd7 14. Nf3 Nxc5 15. O-O-O Nxd3+ 16. Rxd3 Bd7 17. Ne5 Qc7 18.
Re1 Rac8 19. g4 Ne4 20. Nxd7 Nxc3 21. Nxf8 Nxa2+ 22. Kb1 Qxc2+ 23. Kxa2 Qxd3 24. Nxe6 Qc4+ 25. Kb1 Qc2+ 26. Ka2 Qa4+ 27. Kb1 Qc2+ 28. Ka2 Qa4+ 29. Kb1 Qc2+ 1/2-1/2

[Event "Late-Titled-Tuesday-Blitz-October-03-2023"]
[Site "Chess.com"]
[Date "2023.10.03"]
[Round "8"]
[White "Leebit02"]
[Black "filipluczak05"]
[Result "0-1"]
[WhiteElo "2500"]
[BlackElo "2611"]
[TimeControl "180+1"]
[EndTime "15:22:25 PDT"]
[Termination "filipluczak05 won by resignation"]

1. Nf3 g6 2. d4 Bg7 3. Nbd2 d6 4. e4 Nf6 5. Bd3 O-O 6. O-O Nbd7 7. c3 c5 8. Re1 cxd4 9. cxd4 e5 10. Nb3 a6 11. h3 b5 12. a4 bxa4 13. Rxa4 Bb7 14. Na5 Qb6 15. Nxb7 Qxb7 16. b4 exd4 17. Nxd4 Rfe8 18.
f3 d5 19. e5 Nxe5 20. Bf1 Nh5 21. Kh2 Qc7 22. f4 Nc4 23. Rxe8+ Rxe8 24. g3 Qb6 25.
Nb3 Qf2+ 26. Bg2 Qxg3+ 27. Kg1 Re1+ 0-1

[Event "Late-Titled-Tuesday-Blitz-October-03-2023"]
[Site "Chess.com"]
[Date "2023.10.03"]
[Round "8"]
[White "MajorCoast"]
[Black "egnfanclub"]
[Result "0-1"]
[WhiteElo "2249"]
[BlackElo "2382"]
[TimeControl "180+1"]
[EndTime "15:22:36 PDT"]
[Termination "egnfanclub won by resignation"]

1. d4 d5 2. Nf3 Nf6 3. e3 e6 4.
c4 c6 5. b3 Bb4+ 6. Nbd2 Ne4 7. Bd3 Nd7 8. O-O Nxd2 9. Bxd2 Bd6 10. e4 dxe4 11. Bxe4 Nf6 12. Bg5 h6 13. Bxf6 Qxf6 14. Re1 O-O 15. Bc2 Bb4 16. Qd3 g6 17. Re4 c5 18.
Rg4 cxd4 19. a3 e5 20. Rxg6+ fxg6 21. axb4 Bf5 22. Qd2 Bxc2 23. Qxc2 d3 24. Qxd3 e4 25. Qd5+ Kh8 26. Ne5 Qxf2+ 0-1

[Event "Late-Titled-Tuesday-Blitz-October-03-2023"]
[Site "Chess.com"]
[Date "2023.10.03"]
[Round "8"]
[White "Verony64"]
[Black "akanga001"]
[Result "1-0"]
[WhiteElo "2226"]
[BlackElo "2021"]
[TimeControl "180+1"]
[EndTime "15:22:51 PDT"]
[Termination "Verony64 won by resignation"]

1. d4 d5 2. c4 e6 3. cxd5 exd5 4. Nc3 Nf6 5. Bg5 c6 6. e3 Bd6 7. Qc2 O-O 8. Bd3 h6 9. Bh4 Be6 10. Nge2 Nbd7 11. O-O Rc8 12. f3 b5 13. a3 a5 14.
Bf2 Nb6 15. e4 dxe4 16. fxe4 Bb8 17. e5 Nfd5 18. Ne4 Nc4 19. Qc1 a4 20. N2g3 Ndb6 21. Nh5 Nxe5 22. Nef6+ gxf6 23. Qxh6 Nf3+ 24. gxf3 1-0

[Event "Late-Titled-Tuesday-Blitz-October-03-2023"]
[Site "Chess.com"]
[Date "2023.10.03"]
[Round "8"]
[White "Mariia89"]
[Black "GlavkonVVS"]
[Result "0-1"]
[WhiteElo "2065"]
[BlackElo "2565"]
[TimeControl "180+1"]
[EndTime "15:22:59 PDT"]
[Termination "GlavkonVVS won by resignation"]

1. d4 Nf6 2. Nf3 c5 3. d5 e6 4. Nc3 exd5 5. Nxd5 Nxd5 6. Qxd5 d6 7. e4 Nc6 8. c3 Be6 9. Qd3 d5 10. exd5 Qxd5 11.
Bf4 O-O-O 12. Qxd5 Bxd5 13. Be2 Bd6 14. Bxd6 Rxd6 15.
O-O Re8 16. Rfe1 Rde6 17. Bf1 Bxf3 18. Rxe6 Rxe6 19. gxf3 Rf6 20. Bg2 Kc7 21. Re1 g5 22. Re4 h6 23. h4 Rf4 24. hxg5 hxg5 25. Kf1 f6 26. Ke2 Ne5 27. b3 Kd6 28. Re3 b5 29. Bh3 a5 30. Bc8 b4 31. Ba6 Rh4 32. Rxe5 Kxe5 0-1

[Event "Late-Titled-Tuesday-Blitz-October-03-2023"]
[Site "Chess.com"]
[Date "2023.10.03"]
[Round "8"]
[White "ferrufino64"]
[Black "PapaieDudu"]
[Result "0-1"]
[WhiteElo "2226"]
[BlackElo "2386"]
[TimeControl "180+1"]
[EndTime "15:22:59 PDT"]
[Termination "PapaieDudu won by resignation"]

1. e4 c5 2. Nf3 d6 3. d4 cxd4 4. Nxd4 Nf6 5. Nc3 a6 6. Be2 b5 7. a3 Bb7 8. f3 e6 9. Be3 Nbd7 10.
Qd2 Be7 11. O-O-O O-O 12. g4 Nb6 13. h4 Rc8 14. h5 d5 15. g5 Nfd7 16. g6 b4 17.
gxf7+ Kxf7 18. axb4 Bxb4 19. Bg5 Qc7 20. h6 g6 21. Nxe6 Kxe6 22. f4 Bxc3 23. Bg4+ Kf7 24. bxc3 Qxc3 25. Be6+ Kxe6 26. exd5+ Kf7 27. Qe2 Qa1+ 28.
Kd2 Qa5+ 29. Kc1 Qa1+ 30. Kd2 Nc4+ 31. Ke1 Qa5+ 32. Kf1 Rfe8 33. Qd3 Ne3+ 34. Kf2 Nxd1+ 35. Rxd1 Qc5+ 36. Kf1 Qc4 0-1

[Event "Late-Titled-Tuesday-Blitz-October-03-2023"]
[Site "Chess.com"]
[Date "2023.10.03"]
[Round "8"]
[White "rookoco"]
[Black "Njal28"]
[Result "0-1"]
[WhiteElo "2771"]
[BlackElo "3084"]
[TimeControl "180+1"]
[EndTime "15:23:00 PDT"]
[Termination "Njal28 won by checkmate"]

1. e4 Nc6 2. Bb5 e5 3. Nf3 a6 4. Ba4 Nf6 5. O-O Be7 6. Re1 b5 7. Bb3 O-O 8. c3 d5 9. exd5 e4 10.
dxc6 exf3 11. Qxf3 Bg4 12. Qg3 Bd6 13. f4 Re8 14. d4 Rxe1+ 15. Qxe1 Qf8 16. Be3 Re8 17.
Qf2 Qe7 18. Bd2 Ne4 19. Qe3 Qd8 20. Be1 Nc5 21. Qg3 Bxf4 22. Bxf7+ Kf8 23. Qxg4 Rxe1+ 24. Kf2 Nd3+ 25. Kf3 Re3# 0-1

[Event "Late-Titled-Tuesday-Blitz-October-03-2023"]
[Site "Chess.com"]
[Date "2023.10.03"]
[Round "8"]
[White "JoakimVonAnd"]
[Black "szachuspl"]
[Result "1-0"]
[WhiteElo "2717"]
[BlackElo "2528"]
[TimeControl "180+1"]
[EndTime "15:23:00 PDT"]
[Termination "JoakimVonAnd won by resignation"]

1. Nf3 Nf6 2. g3 g6 3. Bg2 Bg7 4. O-O O-O 5. d4 d6 6. c4 Nbd7 7. Nc3 e5 8. e4 Re8 9. Re1 exd4 10.
Nxd4 Nc5 11. h3 a5 12. Ndb5 Nfd7 13. Bf4 Ne5 14. Bf1 Bd7 15. Be3 Bc6 16. f4 Ned7 17.
Bg2 Nf6 18. Bxc5 dxc5 19. Qxd8 Rexd8 20. Nxc7 Rac8 21. N7d5 Nxd5 22. cxd5 Be8 23. e5 b5 24. d6 c4 25. Nd5 Rc5 26. Rac1 Bd7 27. b3 Be6 28. bxc4 bxc4 29. Nc7 Rxc7 30. dxc7 Rc8 31. Red1 Rxc7 32. Rd8+ Bf8 33. Bd5 c3 34. Bxe6 fxe6 35. Kf2 Kf7 36. Ke2 g5 37. Rd3 gxf4 38. gxf4 Bb4 39.
a3 Bxa3 40. Rcxc3 Rxc3 41. Rxc3 Bb4 42. Rc7+ Kg6 43. Ra7 h5 44. Kf3 Bc3 45. Ke4 Bb4 46. Ra6 Kf7 47. f5 exf5+ 48. Kxf5 h4 49. Ra7+ Ke8 50.
Ke6 Kd8 51. Ra8+ Kc7 52. Kf7 Kb7 53. Rd8 Kc7 54. Rd3 a4 55. e6 a3 56. e7 a2 57.
Rd1 1-0

[Event "Late-Titled-Tuesday-Blitz-October-03-2023"]
[Site "Chess.com"]
[Date "2023.10.03"]
[Round "8"]
[White "ARTHURMOTIVATOR"]
[Black "protectiago"]
[Result "1-0"]
[WhiteElo "2325"]
[BlackElo "2064"]
[TimeControl "180+1"]
[EndTime "15:23:00 PDT"]
[Termination "ARTHURMOTIVATOR won on time"]

1. e4 e5 2. Nf3 Nc6 3. Bc4 Bc5 4. b4 Bxb4 5. c3 Ba5 6. d4 d6 7. O-O Bb6 8. Qb3 Qf6 9. Bb5 exd4 10. cxd4 Bxd4 11.
Nxd4 Qxd4 12. Bb2 Qxe4 13. Bxg7 Be6 14. Qe3 Nf6 15. Qxe4 Nxe4 16. Bxh8 O-O-O 17. Bb2 Nb4 18. Na3 a6 19. Be2 Rg8 20. Rfe1 f5 21. Bf3 Bd5 22.
Rad1 Bc6 23. Nc4 Nxa2 24. Na5 Ba4 25. Ra1 Nac3 26. Bxe4 1-0

[Event "Late-Titled-Tuesday-Blitz-October-03-2023"]
[Site "Chess.com"]
[Date "2023.10.03"]
[Round "8"]
[White "Alina_Gumerovna"]
[Black "SEBAZZANO"]
[Result "1/2-1/2"]
[WhiteElo "2110"]
[BlackElo "2244"]
[TimeControl "180+1"]
[EndTime "15:23:03 PDT"]
[Termination "Game drawn by repetition"]

1. e4 c5 2. Nf3 Nc6 3. d4 cxd4 4.
Nxd4 Nf6 5. Nc3 d6 6. Bc4 e6 7. f3 Be7 8. Be3 a6 9. a4 Bd7 10. O-O Rc8 11. Qd2 Ne5 12. Bb3 Nc4 13. Bxc4 Rxc4 14.
Qd3 Rc8 15. f4 O-O 16. h3 Qc7 17. Rae1 Qc4 18. Qxc4 Rxc4 19. e5 dxe5 20. fxe5 Nd5 21. Nxd5 exd5 22. b3 Rcc8 23. Rf3 Bc5 24. Re2 Rfe8 25.
Ref2 Rxe5 26. c3 Bxd4 27. Bxd4 Re7 28. Rg3 g6 29. Rgf3 Be6 30. b4 Rc4 31. a5 Rd7 32. Rf6 Rdc7 33. Kh2 Rd7 34. Kg1 Rdc7 35. Kf1 Rd7 36.
Ke2 Rdc7 37. Kd2 Rd7 38. Ke3 Rdc7 39. Kd2 Rd7 40. Ke3 Rdc7 41. Kd2 1/2-1/2

[Event "Late-Titled-Tuesday-Blitz-October-03-2023"]
[Site "Chess.com"]
[Date "2023.10.03"]
[Round "8"]
[White "Grischuk"]
[Black "ViIIagra"]
[Result "1-0"]
[WhiteElo "3011"]
[BlackElo "2931"]
[TimeControl "180+1"]
[EndTime "15:23:05 PDT"]
[Termination "Grischuk won by resignation"]

1. d4 c6 2. Nf3 Nf6 3. Bg5 Qb6 4.
Qc1 d6 5. e3 Nbd7 6. c4 e5 7. Nc3 h6 8. Bh4 Be7 9. Qc2 Qc7 10. Bd3 a6 11. O-O O-O 12. Rac1 Re8 13. Rfd1 Nh5 14. Bxe7 Rxe7 15. b4 Nhf6 16. h3 a5 17. a3 exd4 18. Nxd4 Ne5 19. Be2 axb4 20. axb4 Bd7 21. Rd2 Qb6 22. Qb3 Ree8 23. Rcd1 Qc7 24.
Nf3 Re6 25. b5 Ne8 26. b6 Nxf3+ 27. Bxf3 Qd8 28. c5 Qe7 29. cxd6 Rxd6 30. Rxd6 Nxd6 31. Qb4 1-0

[Event "Late-Titled-Tuesday-Blitz-October-03-2023"]
[Site "Chess.com"]
[Date "2023.10.03"]
[Round "8"]
[White "campochess"]
[Black "jinxy2009"]
[Result "0-1"]
[WhiteElo "2133"]
[BlackElo "2265"]
[TimeControl "180+1"]
[EndTime "15:23:09 PDT"]
[Termination "jinxy2009 won by resignation"]

1. d4 Nf6 2. Bg5 d5 3. Nd2 c5 4. c3 Nc6 5. e3 Bf5 6. Ngf3 e6 7.
Bb5 Be7 8. Ne5 Rc8 9. Qa4 Qb6 10.
dxc5 Bxc5 11. Nb3 Be7 12. Nd4 O-O 13. Ndxc6 bxc6 14. Nxc6 Bd6 15. Bxf6 gxf6 16. Nd4 Bg6 17. O-O Kh8 18. Rac1 Rg8 19. Kh1 Rg7 20. b4 Rcg8 21. Rg1 Be4 22. Bf1 Rg6 23. Qc6 Bxh2 24. f3 Rh6 25. g4 Qxd4 26. cxd4 Bxf3+ 27. Rg2 Bf4+ 28. Kg1 Bxe3+ 0-1

[Event "Late-Titled-Tuesday-Blitz-October-03-2023"]
[Site "Chess.com"]
[Date "2023.10.03"]
[Round "8"]
[White "emeli_chess"]
[Black "CarlosjPineror"]
[Result "0-1"]
[WhiteElo "2367"]
[BlackElo "2518"]
[TimeControl "180+1"]
[EndTime "15:23:11 PDT"]
[Termination "CarlosjPineror won by resignation"]

1. d4 g6 2. c4 Bg7 3. Nc3 c5 4.
d5 Bxc3+ 5. bxc3 Qa5 6. Bd2 f5 7. e4 fxe4 8. f3 Nf6 9. fxe4 d6 10. Bd3 Bg4 11. Nf3 Nbd7 12. O-O O-O-O 13. Qb3 Bxf3 14.
gxf3 Ne5 15. Be2 g5 16. Bxg5 Rhg8 17. f4 Nxe4 18. fxe5 Rxg5+ 19. Kh1 Rxe5 20. Bg4+ Kb8 21. Rf7 Rg8 22. Be6 Rh5 23. Rb1 b6 24. Rbf1 Ng3+ 25. Kg2 Nxf1+ 26. Kxf1 Rxh2 27. Rxe7 Rf8+ 28. Kg1 Qxa2 29.
Qxa2 Rxa2 30. Rxh7 Rff2 31. Rd7 Rfd2 32. Bh3 Rd1+ 33.
Bf1 Raa1 34. Rf7 Rxf1+ 35. Rxf1 Rxf1+ 36. Kxf1 Kc7 37. Ke2 Kd7 38. Kd3 Ke7 39. Kc2 Kf6 40. Kb3 Ke5 41. Ka4 a6 42. Kb3 Ke4 0-1

[Event "Late-Titled-Tuesday-Blitz-October-03-2023"]
[Site "Chess.com"]
[Date "2023.10.03"]
[Round "8"]
[White "Yushko_Olga"]
[Black "WilliamAlfaroCaracas"]
[Result "1-0"]
[WhiteElo "2114"]
[BlackElo "2194"]
[TimeControl "180+1"]
[EndTime "15:23:13 PDT"]
[Termination "Yushko_Olga won on time"]

1. d4 Nf6 2. c4 g6 3. Nc3 Bg7 4.
Nf3 O-O 5. Bg5 d5 6. e3 c6 7. Be2 h6 8. Bh4 Nbd7 9. O-O dxc4 10. Bxc4 b5 11. Be2 Bb7 12. Rc1 Rc8 13. Qb3 a6 14. Rfd1 Nb6 15. a4 Nbd5 16. axb5 axb5 17. Bxf6 Nxf6 18.
Ne5 Nd5 19. Ne4 Bxe5 20. dxe5 Qc7 21. Nc5 Ba8 22. f4 Rfd8 23. e6 f6 24. Kf2 g5 25. Qc2 Kg7 26. g3 Rd6 27. Qf5 Rcd8 28. Bd3 Kf8 29. Qg6 1-0

[Event "Late-Titled-Tuesday-Blitz-October-03-2023"]
[Site "Chess.com"]
[Date "2023.10.03"]
[Round "8"]
[White "ContrVersia"]
[Black "louis198"]
[Result "1-0"]
[WhiteElo "2879"]
[BlackElo "2637"]
[TimeControl "180+1"]
[EndTime "15:23:16 PDT"]
[Termination "ContrVersia won by resignation"]

1. Nf3 d5 2. c4 e6 3. g3 g6 4. d4 Bg7 5. Bg5 Ne7 6. Bg2 O-O 7.
O-O Nbc6 8. e3 f6 9. Bf4 g5 10. Bxg5 fxg5 11. Nxg5 h6 12. Nf3 Bd7 13. Nbd2 Be8 14.
Bh3 Rf6 15. Nh4 e5 16. cxd5 Qxd5 17. Bg2 Qf7 18. dxe5 Nxe5 19. Ne4 Rb6 20. b3 Bb5 21. Re1 Rf8 22. a4 Bd3 23. f4 Bxe4 24. Bxe4 N5c6 25.
Rb1 Nb4 26. Qf3 Nbd5 27. Bd3 Nc3 28. Bc4 Qxc4 29. bxc4 Nxb1 30. c5 Rb2 31. Qe4 Rf7 32. Rxb1 Rxb1+ 33. Qxb1 b6 34. cxb6 axb6 35. Qb3 Kf8 36.
Qe6 Bf6 37. Nf3 c5 38. Qxb6 c4 39. a5 c3 40. a6 Nd5 41. Qc5+ Ne7 42. a7 1-0

[Event "Late-Titled-Tuesday-Blitz-October-03-2023"]
[Site "Chess.com"]
[Date "2023.10.03"]
[Round "8"]
[White "Veiso"]
[Black "jimis98"]
[Result "1-0"]
[WhiteElo "2496"]
[BlackElo "2682"]
[TimeControl "180+1"]
[EndTime "15:23:21 PDT"]
[Termination "Veiso won on time"]

1. e4 c5 2. Nf3 e6 3. d4 cxd4 4. Nxd4 Nf6 5. Nc3 d6 6. g4 h6 7. Rg1 Nc6 8. Be3 g5 9. Be2 Ne5 10. Qd2 a6 11. f4 gxf4 12. Bxf4 Nfd7 13. O-O-O Qc7 14. h4 b5 15. g5 hxg5 16. hxg5 Bb7 17. g6 Nxg6 18. Rxg6 fxg6 19. Nxe6 Qa5 20. Bxd6 Bh6 21.
Bf4 Bxf4 22. Qxf4 Rc8 23. Ng7+ Kd8 24. Qf6+ 1-0

[Event "Late-Titled-Tuesday-Blitz-October-03-2023"]
[Site "Chess.com"]
[Date "2023.10.03"]
[Round "8"]
[White "Nekoo04"]
[Black "EsmeraldasAnderson03"]
[Result "0-1"]
[WhiteElo "2269"]
[BlackElo "2436"]
[TimeControl "180+1"]
[EndTime "15:23:21 PDT"]
[Termination "EsmeraldasAnderson03 won by resignation"]

1. d4 d5 2. c4 dxc4 3. Nf3 a6 4. g3 c5 5. Bg2 Nc6 6. d5 Nb4 7. Nc3 Nf6 8. Ne5 e6 9. e4 exd5 10. exd5 Bf5 11. O-O Be7 12. Nxc4 Bd3 13. Re1 Bxc4 14. d6 Be6 15. dxe7 Qxe7 16. f4 Rd8 17. Qe2 c4 18. Be3 Nd3 19. Rf1 O-O 20. Rad1 Rfe8 21. Bd4 Rxd4 0-1

[Event "Late-Titled-Tuesday-Blitz-October-03-2023"]
[Site "Chess.com"]
[Date "2023.10.03"]
[Round "8"]
[White "Nick12772"]
[Black "RebecaJimnz"]
[Result "1-0"]
[WhiteElo "2365"]
[BlackElo "2211"]
[TimeControl "180+1"]
[EndTime "15:23:22 PDT"]
[Termination "Nick12772 won by resignation"]

1. Nf3 g6 2. g3 Bg7 3. Bg2 Nf6 4.
O-O O-O 5. c4 d5 6. d4 c6 7.
cxd5 cxd5 8. Ne5 Nc6 9. Nxc6 bxc6 10. Nc3 Ba6 11. Bf4 Nd7 12. Rc1 e5 13. dxe5 Nxe5 14. Na4 Re8 15. Nc5 Bb5 16. a4 Bc4 17. b3 Qe7 18. bxc4 Qxc5 19. cxd5 Qa5 20. dxc6 Rac8 21.
Bxe5 Bxe5 22. Qb3 Bc7 23. e3 Qe5 24. Qd5 Qf6 25. Qf3 Qe5 26. Rfd1 Bb6 27. Rd7 Rf8 28.
Qd5 Qe8 29. h4 Bxe3 30. Re1 Bxf2+ 31. Kxf2 1-0

[Event "Late-Titled-Tuesday-Blitz-October-03-2023"]
[Site "Chess.com"]
[Date "2023.10.03"]
[Round "8"]
[White "ChadBiryani"]
[Black "rikchessmx"]
[Result "0-1"]
[WhiteElo "2492"]
[BlackElo "2359"]
[TimeControl "180+1"]
[EndTime "15:23:26 PDT"]
[Termination "rikchessmx won by checkmate"]

1. d4 Nf6 2. Bg5 Ne4 3. h4 Nxg5 4. hxg5 g6 5. Nf3 Bg7 6. e3 d6 7. c4 b6 8. Nbd2 Bb7 9. Bd3 Nd7 10. Qc2 e6 11. O-O-O Qe7 12. a3 O-O-O 13. Be4 d5 14. cxd5 exd5 15. Bd3 Kb8 16. Kb1 c5 17. Ka2 Rc8 18.
Qa4 c4 19. Bb1 Bc6 20. Qc2 b5 21. b4 Nb6 22. e4 dxe4 23. Rhe1 Bd5 24. Nxe4 c3+ 25.
Ka1 Nc4 26. Nc5 Qd6 27. a4 h6 28. axb5 hxg5 29. Qa4 g4 30. Ne5 Nxe5 31. dxe5 c2 32. Bxc2 Rxc5 33. bxc5 Qxc5 34. Kb1 Rc8 35. Re2 Bxg2 36.
Red2 Bf3 37. Re1 Qc3 38. Rd3 Qxe1+ 39. Ka2 Bxe5 40. Ka3 Qa1+ 41. Kb3 Qb2# 0-1

[Event "Late-Titled-Tuesday-Blitz-October-03-2023"]
[Site "Chess.com"]
[Date "2023.10.03"]
[Round "8"]
[White "NMZanette"]
[Black "dorpato"]
[Result "1-0"]
[WhiteElo "2307"]
[BlackElo "2052"]
[TimeControl "180+1"]
[EndTime "15:23:30 PDT"]
[Termination "NMZanette won by resignation"]

1. e4 c5 2. Nc3 g6 3. f4 Bg7 4.
Nf3 e6 5. e5 Nc6 6. Ne4 Nge7 7.
Nd6+ Kf8 8. Ng5 Nf5 9. Ndxf7 Qe7 10.
Nxh8 Bxh8 11. Bd3 h6 12. Nf3 Ncd4 13. Bxf5 Nxf3+ 14. Qxf3 exf5 15. O-O Rb8 16. d3 b6 17. Bd2 Bb7 18. Qg3 Kg7 19. e6 dxe6 20. Bc3+ Kh7 21.
Bxh8 Rxh8 22. Rae1 Qf6 23. Re5 Bd5 24. c4 Bc6 25.
Rfe1 Bd7 26. Qe3 Bc8 27. a3 Rd8 28. b4 cxb4 29. axb4 Rd6 30. d4 Qd8 31. d5 b5 32.
dxe6 bxc4 33. Qxa7+ Kh8 34. Qf7 Qb6+ 35. Kh1 Qxb4 36. e7 Bd7 37. e8=Q+ 1-0

[Event "Late-Titled-Tuesday-Blitz-October-03-2023"]
[Site "Chess.com"]
[Date "2023.10.03"]
[Round "8"]
[White "Vaathi_Coming"]
[Black "Ali_rastbod"]
[Result "1-0"]
[WhiteElo "2891"]
[BlackElo "2712"]
[TimeControl "180+1"]
[EndTime "15:23:31 PDT"]
[Termination "Vaathi_Coming won by resignation"]

1. Nf3 d5 2. e3 Nf6 3. d4 c5 4. Be2 cxd4 5. exd4 Nc6 6. O-O Bg4 7. c3 e6 8. Bf4 Bd6 9. Bxd6 Qxd6 10. Nbd2 O-O 11. Re1 Rab8 12. Ne5 Bxe2 13. Qxe2 Qc7 14. Nd3 Rfe8 15.
g3 h6 16. Kg2 Ne7 17. Ne5 Nf5 18. a4 Nd6 19. a5 b6 20. axb6 Rxb6 21. Ra2 Reb8 22.
Ndf3 Nfe4 23. Rea1 R8b7 24. Nd3 Nc4 25. Nfe5 Nxe5 26. Nxe5 Nd6 27. h4 Qb8 28. Nd3 Ne4 29. Qe3 h5 30. Qf4 Qxf4 31. gxf4 Nd6 32. Rxa7 Rxa7 33.
Rxa7 Nc4 34. b4 Nd6 35. Ne5 f6 36. Nd7 Rc6 37. Nc5 Nb5 38. Rb7 Nxc3 39. b5 Nxb5 40. Rxb5 e5 41. fxe5 fxe5 42. dxe5 1-0

[Event "Late-Titled-Tuesday-Blitz-October-03-2023"]
[Site "Chess.com"]
[Date "2023.10.03"]
[Round "8"]
[White "familijatop71"]
[Black "maurovargas01"]
[Result "1-0"]
[WhiteElo "2166"]
[BlackElo "1911"]
[TimeControl "180+1"]
[EndTime "15:23:33 PDT"]
[Termination "familijatop71 won by checkmate"]

1. e4 c5 2. Nf3 d6 3. d4 cxd4 4. Nxd4 g6 5. c4 Nf6 6. Nc3 Bg7 7. f3 Nc6 8. Be3 e6 9. Ndb5 d5 10. cxd5 exd5 11. exd5 Qe7 12. Qe2 Nb4 13. d6 Nc2+ 14. Kf2 Qxe3+ 15. Qxe3+ Nxe3 16. Nc7+ Kd7 17. Nxa8 Nc2 18.
Bb5+ Kxd6 19. Rad1+ Ke7 20. Rd2 Nb4 21. Re1+ Kf8 22.
Rd8+ Ne8 23. Rdxe8# 1-0

[Event "Late-Titled-Tuesday-Blitz-October-03-2023"]
[Site "Chess.com"]
[Date "2023.10.03"]
[Round "8"]
[White "Malev212"]
[Black "vladislavkovalev"]
[Result "0-1"]
[WhiteElo "2654"]
[BlackElo "2886"]
[TimeControl "180+1"]
[EndTime "15:23:37 PDT"]
[Termination "vladislavkovalev won on time"]

1. e4 e5 2. Nf3 Nc6 3. Bb5 a6 4. Ba4 Nf6 5. O-O Be7 6. Re1 b5 7. Bb3 d6 8. c3 O-O 9. h3 Be6 10. d4 Bxb3 11. axb3 exd4 12. cxd4 Nb4 13. d5 Nd7 14. Nc3 Bf6 15. Be3 Re8 16. Qd2 g6 17. Rad1 a5 18. Nd4 Nc5 19. Ndxb5 Nxe4 20. Nxe4 Rxe4 21. Bh6 Rh4 22. Bf4 Qd7 23. Nc3 Rh5 24. Qe2 Rf5 25. Bg3 h5 26. Qc4 Na6 27. h4 Nc5 28.
Ne4 Nxe4 29. Rxe4 Rb8 30. Rde1 Kg7 0-1

[Event "Late-Titled-Tuesday-Blitz-October-03-2023"]
[Site "Chess.com"]
[Date "2023.10.03"]
[Round "8"]
[White "UK_23"]
[Black "Dacean99"]
[Result "0-1"]
[WhiteElo "2398"]
[BlackElo "2538"]
[TimeControl "180+1"]
[EndTime "15:23:38 PDT"]
[Termination "Dacean99 won by resignation"]

1. e4 d6 2. d4 Nf6 3. Nc3 g6 4.
Nf3 Bg7 5. Be2 O-O 6. O-O a6 7. a4 Nc6 8. Re1 e5 9. dxe5 dxe5 10. Bg5 Be6 11. a5 h6 12. Bh4 Qe7 13. Qc1 Rad8 14.
Rd1 g5 15. Bg3 Qc5 16. Qe3 Qxe3 17. fxe3 Ng4 18. Bf2 f5 19. exf5 Bxf5 20. Bc4+ Kh7 21. e4 Nxf2 22. Rxd8 Rxd8 23. exf5 Ng4 24. Ne4 Nd4 25.
Nxd4 Rxd4 26. Bd3 Nf6 27. Nxf6+ Bxf6 28. Re1 c5 29. Re4 Rd6 30. b3 Kg7 31. Kf1 Kf7 32.
Ke2 Ke7 33. Bc4 h5 34. Re3 g4 35. Rd3 e4 36. Rxd6 Kxd6 37. Be6 Bc3 38. Bc8 Kc7 39. Be6 Bxa5 40. Ke3 Kd6 41. Kxe4 Bc3 42. Bc8 Kc7 43.
Be6 a5 44. Kf4 Kd6 45. Kg5 Be5 46. g3 b5 47. Kxh5 c4 48. Kxg4 Kc5 49. Kg5 a4 50. bxa4 bxa4 51. f6 a3 52. f7 Bd6 0-1

[Event "Late-Titled-Tuesday-Blitz-October-03-2023"]
[Site "Chess.com"]
[Date "2023.10.03"]
[Round "8"]
[White "mfwagnerpeixoto"]
[Black "JohnWhite1952"]
[Result "1-0"]
[WhiteElo "2333"]
[BlackElo "2068"]
[TimeControl "180+1"]
[EndTime "15:23:40 PDT"]
[Termination "mfwagnerpeixoto won by checkmate"]

1. e4 e6 2. d4 d5 3. Nd2 dxe4 4. Nxe4 Nf6 5. Nxf6+ Qxf6 6. Nf3 Nc6 7.
Bd3 Qd8 8. O-O Bd6 9. c4 h6 10.
a3 Nxd4 11. Nxd4 Bxh2+ 12. Kxh2 Qxd4 13. Qe2 Bd7 14. Be3 Qe5+ 15. Kg1 O-O-O 16. a4 a6 17. b4 h5 18. b5 a5 19. c5 h4 20. c6 bxc6 21.
bxc6 Bxc6 22. Rfc1 Qd5 23. Ba6+ Kb8 24. Rab1+ Ka8 25.
Rxc6 h3 26. Bb7+ Kb8 27. Ra6 Qxb7 28. Rxb7+ Kxb7 29. Qb5+ Kc8 30. Ra8# 1-0